AoeStats
← The Wildart

Oasis

507376541Analyzed
4v4 RM · 15d ago on Sep 17, 2026· 33m 38s· 8 players
Game mode
Random Map
Map size
Large (8 player)
Population
200
Speed
Normal
Resources
Standard
Victory
Conquest
Starting age
Dark Age
Ending age
Imperial Age
RankedLock teamsTeams togetherTeam positionsShared explorationLock speedFull tech treeHidden civsTurbo modeCheats
Victory
Defeat
🇨🇦 Burgundians · Canada
1094
+13
🇵🇪 Vikings · Peru
1077
+14
🇧🇷 Byzantines · Brazil
1071
+14
🇩🇿 Portuguese · Algeria
1065
+14
🇲🇦 Britons · Morocco
1078
-15
🇲🇦 Portuguese · Morocco
1043
-14
🇲🇦 Jurchens · Morocco
1013
-13
🇫🇷 Saracens · France
1000
-40
DropDongHitBong420
9:43 Loom
13:15 Feudal Age
11:38 Double-Bit Axe
11:35 Horse Collar
11:50 Gold Mining
17:31 Castle Age
15:46 Bow Saw
15:44 Heavy Plow
17:06 Gold Shaft Mining
17:18 Forging
17:54 Wheelbarrow
17:53 Scale Barding Armor
19:07 Crop Rotation
20:34 Two-Man Saw
21:55 Iron Casting
22:21 Chain Barding Armor
22:29 Husbandry
22:04 Cavalier
galv
7:03 Loom
12:01 Feudal Age
16:53 Castle Age
15:44 Stone Mining
16:14 Double-Bit Axe
16:11 Horse Collar
22:04 Bow Saw
22:42 Scale Barding Armor
24:21 Husbandry
26:18 Fletching
28:45 Forging
29:59 Wheelbarrow
ayoubDZtv
11:04 Feudal Age
15:09 Castle Age
13:40 Double-Bit Axe
13:37 Horse Collar
15:01 Gold Mining
15:02 Loom
16:26 Bow Saw
17:57 Wheelbarrow
21:11 Heavy Plow
23:31 Fletching
23:42 Padded Archer Armor
24:36 Coinage
24:55 Leather Archer Armor
24:40 Bodkin Arrow
25:12 Ballistics
25:17 Town Watch
25:11 Crossbowman
29:19 Imperial Age
28:20 Masonry
29:15 Hand Cart
31:00 Chemistry
30:07 Thumb Ring
29:23 Arbalester
30:05 Bracer
31:43 Ring Archer Armor
Deja de llorar
8:46 Loom
11:58 Feudal Age
12:41 Arson
12:17 Man-at-Arms
17:31 Forging
17:21 Scale Mail Armor
21:37 Castle Age
21:07 Double-Bit Axe
21:57 Long Swordsman
22:22 Gambesons
22:38 Squires
24:21 Chain Mail Armor
24:42 Iron Casting
26:21 Gambesons
dragonslilver
9:04 Loom
11:31 Feudal Age
17:31 Castle Age
16:02 Double-Bit Axe
18:21 Fletching
20:06 Bow Saw
22:41 Horse Collar
25:26 Gold Mining
25:29 Stone Mining
32:00 Bodkin Arrow
grilopse
12:25 Feudal Age
11:54 Loom
16:31 Castle Age
16:21 Double-Bit Axe
16:19 Horse Collar
16:34 Loom
18:44 Bow Saw
21:42 Heavy Plow
22:16 Gold Mining
26:16 Scale Barding Armor
29:27 Imperial Age
27:37 Wheelbarrow
31:39 Two-Man Saw
31:35 Forging
31:45 Chain Barding Armor
Poketale
11:27 Feudal Age
15:13 Castle Age
18:45 Loom
21:07 Town Watch
The Wildart
6:25 Loom
14:43 Feudal Age
18:44 Padded Archer Armor
18:34 Fletching
20:48 Castle Age
19:03 Double-Bit Axe
19:30 Gold Mining
24:54 Pikeman
26:34 Scale Mail Armor
29:00 Wheelbarrow
Connection lost

Rejoining the realm…

Still unreachable

The connection could not be restored.

Session expired

The server has moved on; the page needs a fresh start.